 Dungeon Crawl Stone Soup version 0.23.0-3-gf3c87f2 (webtiles) character file.

Game seed: 7409457713209139435

2828 JeffiDaFish the Purveyor of Pain (level 9, -3/69 HPs)
             Began as a Mummy Necromancer on Feb 20, 2019.
             Was an Initiate of Kikubaaqudgha.
             Slain by a wyvern zombie (14 damage)
             ... on level 7 of the Dungeon.
             The game lasted 00:26:58 (9093 turns).

JeffiDaFish the Purveyor of Pain (MuNe)             Turns: 9093, Time: 00:26:58

Health: -3/69      AC:  3    Str: 11    XL:     9   Next: 45%
Magic:  21/21      EV: 12    Int: 23    God:    Kikubaaqudgha [......]
Gold:   322        SH:  0    Dex: 12    Spells: 12/24 levels left

rFire    . . .     SeeInvis .   g - +4 dagger "Morg" {pain, MR+ Int+5}
rCold    + . .     Gourm    .   (no shield)
rNeg     + + +     Faith    .   h - +1 robe
rPois    ∞         Spirit   .   (no helmet)
rElec    .         Reflect  .   (no cloak)
rCorr    .         Harm     .   (no gloves)
MR       ++...                  (no boots)
Stlth    ++........             (no amulet)
HPRegen  0.21/turn              f - ring of protection from fire
MPRegen  0.17/turn              (no ring)

@: about to teleport
A: no food or potions, fire vulnerability, cold resistance 1, negative energy
resistance 3, torment resistance, unbreathing
a: Renounce Religion


You were on level 7 of the Dungeon.
You worshipped Kikubaaqudgha.
Kikubaaqudgha was noncommittal.
You were not hungry.

You visited 2 branches of the dungeon, and saw 8 of its levels.

You collected 322 gold pieces.

Inventory:

Hand Weapons
 c - a +3 dagger of freezing
 g - the +4 dagger "Morg" (weapon) {pain, MR+ Int+5}
   (You found it on level 5 of the Dungeon)

   In the hands of one skilled in necromantic magic, it inflicts extra damage on
   living creatures.
   It affects your intelligence (+5).
   It affects your resistance to hostile enchantments.
Armour
 a - a +0 robe
 h - a +1 robe (worn)
 i - a +0 leather armour
Jewellery
 f - a ring of protection from fire (left hand)
 k - an uncursed ring of protection from magic
 m - an uncursed ring of fire
Scrolls
 d - 4 scrolls of remove curse
 e - 6 scrolls of identify
 j - a scroll of magic mapping
 l - 2 scrolls of enchant armour


   Skills:
 + Level 6.1 Fighting
 - Level 1.5 Dodging
 - Level 1.5 Stealth
 + Level 8.0 Spellcasting
 + Level 2.6 Hexes
 * Level 9.9 Necromancy


You had 12 spell levels left.
You knew the following spells:

 Your Spells              Type           Power        Failure   Level  Hunger
a - Pain                  Necr           ####         1%          1    N/A
b - Animate Skeleton      Necr           N/A          1%          1    N/A
c - Vampiric Draining     Necr           ######....   1%          3    N/A
d - Animate Dead          Necr           N/A          1%          4    N/A
e - Confuse               Hex            ###.....     7%          3    N/A

Your spell library contained the following spells:

 Spells                   Type           Power        Failure   Level  Hunger
 Corona                   Hex            ###....      2%          1    N/A
 Ensorcelled Hibernation  Hex/Ice        ###...       6%          2    N/A
 Tukima's Dance           Hex            ###.....     7%          3    N/A
 Dazzling Spray           Conj/Hex       ###...       12%         3    N/A
 Regeneration             Chrm/Necr      Unusable     N/A         3    N/A

Dungeon Overview and Level Annotations

Branches:
Dungeon (7/15)             Temple (1/1) D:4

Altars:
Cheibriados
Elyvilon
Fedhas
Gozag
Hepliaklqana
Kikubaaqudgha
Nemelex Xobeh
Qazlal
Ru
Sif Muna
Uskayaw
Wu Jian
Xom
The Shining One

Shops:
D:5 }

Annotations:
D:4 Grinder


Innate Abilities, Weirdness & Mutations

You do not eat or drink.
Your flesh is vulnerable to fire.
You are immune to poison.
Your flesh is cold resistant. (rC+)
You are immune to negative energy. (rN+++)
You are immune to unholy pain and torment.
You can survive without breathing.


Message History

The wyvern zombie bites you.
* * * LOW HITPOINT WARNING * * *
You hit the wyvern zombie.
The wyvern zombie is severely damaged.
The wyvern zombie closely misses you.
You hit the wyvern zombie but do no damage.
The wyvern zombie is severely damaged.
The wyvern zombie misses you. The wyvern zombie closely misses you.
You hit the wyvern zombie.
The wyvern zombie is almost destroyed.
The wyvern zombie bites you!
* * * LOW HITPOINT WARNING * * *
You hit the wyvern zombie.
The wyvern zombie is almost destroyed.
The wyvern zombie closely misses you.
Okay, then.
As you read the scroll of teleportation, it crumbles to dust.
You feel strangely unstable. The wyvern zombie bites you!
You die...
Kikubaaqudgha rasps: "You have failed me!
Welcome... oblivion!"

#[.........# #...
#..........######...
#
#..#+#.............#
..
#..#_#...!.########
... #..#'#.....#
.... #....>.....#
..... #..........#
#....#..........#
#....Z@.......#
......############
..... ####


You could see a wyvern zombie.

Vanquished Creatures
  Pikel (D:4)
  A hippogriff (D:7)
  Eustachio (D:4)
  Menkaure (D:5)
  Edmund (D:4)
  A sky beast (D:6)
  2 slaves (D:4)
  A black bear (D:7)
  A centaur (D:3)
  3 ogres
  Blork the orc (D:3)
  2 bullfrogs (D:6)
  A scorpion (D:7)
  5 killer bees
  2 crimson imps
  A bullfrog zombie (D:6)
  2 hounds (D:6)
  2 orc priests
  A jelly (D:5)
  2 orc wizards
  Natasha (thrice) (D:4)
  An iguana (D:7)
  2 worker ants
  A howler monkey zombie (D:6)
  3 gnolls (D:4)
  8 adders
  2 shadow imps (D:5)
  An ooze (D:1)
  An adder skeleton (D:5)
  2 worms
  4 dart slugs
  3 leopard geckos
  17 orcs
  6 bats
  3 giant cockroaches
  5 hobgoblins
  3 jackals (D:2)
  A quokka (D:4)
  A ball python (D:2)
  10 frilled lizards
  8 goblins
  A jackal skeleton (D:4)
  9 kobolds
  A leopard gecko skeleton (D:2)
  A leopard gecko zombie (D:4)
  A quokka skeleton (D:5)
  A quokka zombie (D:7)
  9 rats
140 creatures vanquished.

Vanquished Creatures (collateral kills)
  A sky beast (D:5)
  A black bear (D:7)
  A bullfrog (D:6)
  2 worker ants
  An adder (D:2)
  4 orcs
  2 hobgoblins (D:1)
  A kobold (D:2)
  A bat (D:3)
  A frilled lizard (D:2)
  A rat (D:1)
16 creatures vanquished.

Vanquished Creatures (others)
  2 slaves (D:5)
  A plant (D:3)
3 creatures vanquished.

Grand Total: 159 creatures vanquished

Notes
Turn   | Place    | Note
-------+----------+-------------------------------------------
     0 | D:1      | JeffiDaFish the Mummy Necromancer began the quest for the
                  | Orb.
     0 | D:1      | Reached XP level 1. HP: 13/13 MP: 4/4
   319 | D:1      | Reached XP level 2. HP: 20/20 MP: 1/5
   363 | D:1      | Learned a level 1 spell: Animate Skeleton
   611 | D:1      | Reached skill level 1 in Fighting
   816 | D:1      | Reached XP level 3. HP: 14/26 MP: 7/7
  1226 | D:2      | Learned a level 3 spell: Vampiric Draining
  1307 | D:2      | Reached XP level 4. HP: 31/32 MP: 3/9
  1387 | D:2      | Reached skill level 5 in Necromancy
  1631 | D:2      | Learned a level 4 spell: Animate Dead
  2088 | D:3      | Noticed a centaur
  2118 | D:3      | Killed a centaur
  2118 | D:3      | Reached XP level 5. HP: 9/38 MP: 0/11
  3042 | D:3      | Noticed a +0 dagger
  3042 | D:3      | Noticed a +0 hand axe
  3044 | D:3      | Found a hide-covered altar of Uskayaw.
  3324 | D:4      | Noticed Blork the orc
  3338 | D:3      | Killed Blork the orc
  3338 | D:3      | Reached skill level 6 in Necromancy
  3338 | D:3      | Reached XP level 6. HP: 16/46 MP: 0/13
  3968 | D:4      | Found a staircase to the Ecumenical Temple.
  3986 | Temple   | Entered the Ecumenical Temple
  4272 | D:4      | Noticed Natasha
  4277 | D:4      | Killed Natasha
  4306 | D:4      | Noticed Natasha
  4334 | D:4      | Killed Natasha
  4334 | D:4      | Reached skill level 5 in Spellcasting
  4463 | D:4      | Noticed Eustachio
  4464 | D:4      | Noticed Edmund
  4476 | D:4      | Killed Eustachio
  4476 | D:4      | Reached XP level 7. HP: 42/52 MP: 3/14
  4477 | D:4      | Noticed Natasha
  4481 | D:4      | Killed Edmund
  4481 | D:4      | Reached skill level 7 in Necromancy
  4800 | D:4      | Killed Natasha
  4960 | D:5      | Entered Level 5 of the Dungeon
  5060 | D:5      | Noticed Pikel
  5191 | D:4      | Killed Pikel
  5191 | D:4      | Reached skill level 8 in Necromancy
  5191 | D:4      | Reached XP level 8. HP: 55/61 MP: 5/17
  5312 | D:5      | Found the +4 dagger "Morg" {pain, MR+ Int+5}
  5342 | D:5      | Noticed Grinder
  5356 | D:5      | Paralysed by Grinder for 7 turns
  5384 | D:5      | HP: 3/61 [Grinder (9)]
  5717 | D:5      | Reached skill level 5 in Fighting
  6235 | D:5      | Noticed Menkaure
  6244 | D:5      | Killed Menkaure
  6544 | D:5      | Learned a level 3 spell: Confuse
  6623 | D:5      | Found an ancient bone altar of Kikubaaqudgha.
  6690 | D:5      | Became a worshipper of Kikubaaqudgha
  7102 | D:5      | Found Helekifuwk's Gadget Shop.
  7356 | D:6      | Reached skill level 9 in Necromancy
  7407 | D:6      | Reached skill level 1 in Hexes
  7672 | D:6      | Reached XP level 9. HP: 61/68 MP: 20/20
  7677 | D:6      | Found a shimmering altar of Xom.
  7731 | D:6      | Found a glowing golden altar of the Shining One.
  9074 | D:7      | Found an opulent altar of Gozag.
  9093 | D:7      | Slain by a wyvern zombie

Skill      XL: |  1  2  3  4  5  6  7  8  9 |
---------------+----------------------------+-----
Spellcasting   | 3 4 5 6 7 8 |  8.0
Fighting       | 1 2 3 4 5 6 |  6.1
Necromancy     | 5 6 8 9 |  9.9
Hexes          | 1 2 |  2.6
Dodging        | |  1.5
Stealth        | |  1.5

Action                   |  1- 3 |  4- 6 |  7- 9 || total
-------------------------+-------+-------+-------++-------
Melee: Unarmed           |    11 |       |       ||    11
       Hand axe          |    25 |       |       ||    25
       Dagger            |    23 |   128 |   239 ||   390
 Cast: Pain              |    50 |    44 |    56 ||   150
       Animate Skeleton  |    14 |    13 |     3 ||    30
       Vampiric Draining |       |    19 |    39 ||    58
       Animate Dead      |       |    10 |    21 ||    31
       Confuse           |       |       |     5 ||     5
  Use: Scroll            |     4 |     7 |     6 ||    17
 Stab: Sleeping          |     2 |     4 |     3 ||     9
Armor: Robe              |    13 |    15 |    29 ||    57
Dodge: Dodged            |    48 |    94 |   179 ||   321
